 Dungeon Crawl Stone Soup version 0.19.4-9-g45fd643 (webtiles) character file.

284 Kosschaser the Covert (level 6, 0/46 HPs)
             Began as a Vampire Assassin on Feb 17, 2017.
             Slain by an orc
             ... wielding a +0 falchion
              (6 damage)
             ... on level 5 of the Dungeon.
             The game lasted 00:13:31 (4594 turns).

Kosschaser the Covert (Vampire Assassin)            Turns: 4594, Time: 00:13:32

Health: 0/46       AC:  1    Str: 10    XL:     6   Next: 7%
Magic:  6/6        EV: 17    Int: 13    God:
Gold:   240        SH:  0    Dex: 18    Spells: 0 memorised, 5 levels left

rFire  . . .     SeeInvis +     a - +3 dagger
rCold  + . .     Gourm    .     c - +0 robe
rNeg   + + .     Faith    .     (no shield)
rPois  +         Spirit   .     (no helmet)
rElec  .         Reflect  .     d - +0 cloak
rCorr  .         Harm     .     (no gloves)
MR     .....                    (no boots)
Stlth  +++++.....               h - amulet of inaccuracy (curse)
                                i - +4 ring of evasion
                                p - -2 ring of protection (curse)

@: regenerating slowly
A: fangs 3, see invisible, unbreathing
a: Bat Form


You were on level 5 of the Dungeon.
You were near bloodless.

You visited 1 branch of the dungeon, and saw 5 of its levels.

You collected 240 gold pieces.

Inventory:

Hand Weapons
 a - a +3 dagger (weapon)
 b - a +0 blowgun
Missiles
 e - 8 poisoned needles
 f - 2 curare-tipped needles
Armour
 c - a +0 robe (worn)
 d - a +0 cloak (worn)
Jewellery
 h - a cursed amulet of inaccuracy (around neck)
 i - a +4 ring of evasion (right hand)
 p - a cursed -2 ring of protection (left hand)
Wands
 j - a wand of hasting (2/9)
 y - a wand of slowing (44/48)
Scrolls
 n - a scroll of magic mapping
 t - a scroll of enchant armour
 w - 2 scrolls of noise
 x - 2 scrolls of fog
Potions
 g - 5 potions of blood
 k - 2 potions of heal wounds
 m - a potion of invisibility {unknown}
 r - 2 potions of brilliance {unknown}
 s - a potion of ambrosia {unknown}
 v - a potion of magic {unknown}
 z - a potion of cure mutation {unknown}


   Skills:
 + Level 2.6 Fighting
 + Level 4.1 Short Blades
 - Level 1.7 Throwing
 + Level 2.9 Dodging
 + Level 8.3 Stealth


You had 5 spell levels left.
You didn't know any spells.

Dungeon Overview and Level Annotations

Branches:
Dungeon (5/15)
 Temple: D:4-7

Altars:
Ashenzari
Cheibriados
Elyvilon
Gozag
Hepliaklqana
Zin
The Shining One

Annotations:
D:3 Grinder


Innate Abilities, Weirdness & Mutations

You heal slowly.
You have razor-sharp teeth.
You have supernaturally acute eyesight. (SInv)
You can survive without breathing.


Message History

The orc is heavily wounded.
The orc hits you with a falchion. The orc hits you with a short sword.
* * * LOW HITPOINT WARNING * * *
You hit the orc. You bite the orc.
You draw the orc's blood!
You feel better.
You feel almost devoid of blood!
You kill the orc!
The orc hits you with a falchion.
* * * LOW HITPOINT WARNING * * *
The orc wizard casts a spell at you. The magic dart hits you!
* * * LOW HITPOINT WARNING * * *
The orc misses you.
Things that are here:
a short sword; 8 gold pieces; an orc corpse You hit the orc.
You bite the orc, but do no damage.
The orc is moderately wounded.
You hit the orc.
The orc is moderately wounded.
The orc hits you with a falchion.
You die...

#.# #.#.#..##.# #.####.#....##.#
*** ######...........##.##
≈≈*******###.....#######.........
*≈*,,,,,,.....##.# ##.#######
*≈*,*,**,###.,*#o# #.#
*≈,,*,**,.....,#.# #.#
≈≈*,,,**,,*#...#.# ##.##
***,****,,*#...o@#* #...#
*,****,,*##.....# #...#
**,,,,,,,*#......# #...######
*,,,,,,,,*#.#....######..o.....#
*,,,,,,,,*#.#.#..##.>........o.#
*,,,,,,,,*#,..............o.....
*,,,,,,,***<.##..#.............#
*,,,,,,,* #..*#..#.####........#
*,,,,,,,* *,,,,,,#,* #...######


You could see an orc wizard and an orc.

Vanquished Creatures
  A bullfrog zombie (D:5)
  A hound (D:5)
  3 worker ants
  2 gnolls (D:4)
  4 adders
  A shadow imp (D:5)
  An ooze (D:1)
  3 worms
  2 dart slugs
  A leopard gecko (D:4)
  5 orcs
  4 bats
  A giant cockroach (D:5)
  9 goblins
  9 hobgoblins
  7 jackals (D:3)
  A quokka (D:5)
  3 ball pythons
  A frilled lizard (D:1)
  7 kobolds
  6 rats
72 creatures vanquished.

Notes
Turn   | Place    | Note
-------+----------+-------------------------------------------
     0 | D:1      | Kosschaser the Vampire Assassin began the quest for the Orb.
     0 | D:1      | Reached XP level 1. HP: 16/16 MP: 1/1
    56 | D:1      | Reached skill level 6 in Stealth
   138 | D:1      | Reached XP level 2. HP: 21/22 MP: 2/2
   385 | D:1      | Reached XP level 3. HP: 24/27 MP: 3/3
   621 | D:2      | Reached skill level 7 in Stealth
   934 | D:2      | Found a glowing golden altar of the Shining One.
  1205 | D:2      | Found a hazy altar of Hepliaklqana.
  1366 | D:3      | Reached XP level 4. HP: 28/33 MP: 4/4
  2236 | D:3      | Found an opulent altar of Gozag.
  2238 | D:3      | Found a glowing silver altar of Zin.
  2240 | D:3      | Noticed Grinder
  2244 | D:3      | Paralysed by Grinder for 2 turns
  2323 | D:4      | Found a white marble altar of Elyvilon.
  2335 | D:4      | Found a shattered altar of Ashenzari.
  2738 | D:4      | Found a snail-covered altar of Cheibriados.
  3163 | D:4      | Reached XP level 5. HP: 39/39 MP: 5/5
  3295 | D:5      | Entered Level 5 of the Dungeon
  3312 | D:5      | Reached skill level 8 in Stealth
  4113 | D:5      | Reached XP level 6. HP: 11/46 MP: 6/6
  4505 | D:5      | Noticed a sky beast
  4594 | D:5      | Slain by an orc

Skill      XL: |  1  2  3  4  5 |
---------------+----------------+-----
Stealth        | 6 7 8 |  8.3
Fighting       | 2 |  2.6
Dodging        | 2 |  2.9
Short Blades   | 3 4 |  4.1
Throwing       | |  1.7

Action                   |  1- 3 |  4- 6 || total
-------------------------+-------+-------++-------
Melee: Dagger            |   107 |   175 ||   282
       Bite              |    11 |    26 ||    37
  Use: Potion            |       |     6 ||     6
       Scroll            |       |     9 ||     9
 Stab: Sleeping          |    10 |     8 ||    18
       Distracted        |     1 |       ||     1
Armor: Robe              |    18 |    19 ||    37
Dodge: Dodged            |    75 |    93 ||   168
